 Dungeon Crawl Stone Soup version 0.19-a0-1398-g1264885 (webtiles) character file.

3681 DarthRa the Grappler (level 9, -8/76 HPs)
             Began as a Troll Hunter on Sept 4, 2016.
             Was a Priest of Uskayaw.
             Mangled by an eight-headed hydra (10 damage)
             ... on level 7 of the Dungeon on Sept 5, 2016.
             The game lasted 01:00:32 (6208 turns).

DarthRa the Grappler (Troll Hunter)                 Turns: 6208, Time: 01:00:33

Health: -8/76      AC:  8    Str: 22    XL:     9   Next: 90%
Magic:  0/8        EV: 19    Int:  5    God:    Uskayaw [***...]
Gold:   535        SH:  0    Dex: 18    Spells: 0 memorised, 8 levels left

rFire  . . .     SeeInvis .       - Unarmed
rCold  + . .     Gourm    +     b - +0 robe
rNeg   + . .     Faith    .     (no shield)
rPois  .         Spirit   +     (helmet restricted)
rElec  .         Dismiss  .     g - +2 cloak {+Inv}
rCorr  .         Reflect  .     (gloves unavailable)
MR     +....     Harm     .     (boots unavailable)
Stlth  +++.......               h - amulet of guardian spirit
                                D - ring of stealth
                                v - ring of positive energy

@: agile
A: unfitting armour, claws 3, hooves 1, cold resistance 1, dopey 1, fast
metabolism 3, gourmand, magic resistance 1, regeneration 1, shaggy fur 1, tough
skin 2, subdued magic 1, sturdy frame 1
a: Stomp, Line Pass, Renounce Religion, Evoke Invisibility


You were on level 7 of the Dungeon.
You worshipped Uskayaw.
Uskayaw was noncommittal.
You were completely stuffed.

You visited 2 branches of the dungeon, and saw 10 of its levels.

You collected 535 gold pieces.

Inventory:

Hand Weapons
 a - a +1 short sword
 w - a +0 blowgun
 F - a +0 blowgun
Missiles
 d - 2 throwing nets
 i - 5 needles of sleeping
 k - 257 stones
 m - 5 curare-tipped needles
 o - 65 poisoned needles
 E - 2 large rocks (quivered)
Armour
 b - a +0 robe (worn)
 g - a +2 cloak of invisibility (worn)
Jewellery
 h - an amulet of guardian spirit (around neck)
 s - an uncursed amulet of rage
 v - a ring of positive energy (left claw)
 D - a ring of stealth (right claw)
Wands
 u - a wand of lightning (14/15)
 I - a wand of confusion (33/48)
 L - a wand of slowing (12/48)
Scrolls
 c - 2 scrolls of teleportation
 j - 2 scrolls of enchant weapon
 l - 4 scrolls of identify
 x - a scroll of fear
 y - 2 scrolls of remove curse
 B - 4 scrolls of immolation
 J - a scroll of vulnerability {unknown}
 K - a scroll of fog {unknown}
Potions
 e - a potion of agility
 p - 2 potions of ambrosia
 r - 7 potions of curing {unknown}
 t - 2 potions of might
 z - a potion of degeneration {unknown}
 A - 2 potions of invisibility
 C - a potion of brilliance
 G - 2 potions of heal wounds {unknown}
 N - a potion of haste {unknown}
Comestibles
 f - 7 bread rations
 n - 6 fruits
 q - 4 meat rations
 M - a chunk of flesh


   Skills:
 - Level 1.5 Fighting
 - Level 7.1 Throwing
 + Level 6.4 Dodging
 - Level 0.4 Stealth
 - Level 10.0 Unarmed Combat


You had 8 spell levels left.
You didn't know any spells.

Dungeon Overview and Level Annotations

Branches:
Dungeon (9/15)             Temple (1/1) D:5            Lair (0/6) D:9
    Orc: D:9-12

Altars:
Cheibriados
Dithmenos
Elyvilon
Fedhas
Gozag
Hepliaklqana
Kikubaaqudgha
Makhleb
Nemelex Xobeh
Okawaru
Qazlal
Ru
Sif Muna
Uskayaw
Vehumet
Xom
Yredelemnul
Zin
The Shining One

Shops:
D:4 *


Innate Abilities, Weirdness & Mutations

You are too large for most types of armour.
You have claws for hands.
Your metabolism is lightning-fast.
You like to eat raw meat.
Your natural rate of healing is unusually fast.
You are covered in fur. (AC +1)
You have very tough skin. (AC +2)
You have large cloven feet.
Your flesh is cold resistant. (rC+)
You are dopey. (Int -2)
You are resistant to hostile enchantments. (MR+)
Your spells are a little easier to cast, but a little less powerful.
Your movements are slightly less encumbered by armour. (ER -2)


Message History

The six-headed hydra grows two more!
You claw the eight-headed hydra!
The eight-headed hydra is moderately wounded.
The eight-headed hydra bites you!
The eight-headed hydra barely misses you.
The eight-headed hydra bites you!
The eight-headed hydra bites you but does no damage.
The eight-headed hydra bites you. x2
The eight-headed hydra closely misses you. x2
Things that are here:
a tomahawk; 19 gold pieces; a giant newt corpse You see here a stone.
You feel agile all of a sudden. The eight-headed hydra bites you! x2
* * * LOW HITPOINT WARNING * * *
The eight-headed hydra bites you!
* * * LOW HITPOINT WARNING * * *
The eight-headed hydra bites you!
* * * LOW HITPOINT WARNING * * *
The eight-headed hydra bites you!
You die...

#.......# #.......#
#.......## #.......<#
##........#
#.........#
#...#####.#
#.###...#####.#######
#>......D@..........#
#####...#####.#####.##
#####..(### #.# #..#
#......(..# #.# ##.##
#.........# ... #..#
+.........# ... ##.#
#(.....(..#..... #.#
#......(.(#((... #.##
#.........#...... #..#


You could see an eight-headed hydra.

Vanquished Creatures
  Pikel (D:6)
  The ghost of Andriotis the Digger, an amateur GrEE of Vehumet (D:4)
  2 humans (D:8)
  An ice beast (D:5)
  A black bear (D:7)
  2 orc warriors (D:8)
  2 ogres
  2 phantoms
  A sky beast (D:5)
  2 centaurs (D:8)
  6 big kobolds
  A water moccasin skeleton (D:5)
  4 scorpions
  4 crimson imps
  2 jellies
  A quasit (D:5)
  6 orc priests
  A centaur skeleton (D:5)
  2 hounds
  Crazy Yiuf (D:2)
  3 iguanas
  4 orc wizards (D:8)
  4 worker ants
  9 gnolls
  11 adders
  An ooze (D:3)
  An adder zombie (D:5)
  An adder skeleton (D:4)
  4 worms
  6 giant geckos
  20 orcs
  5 giant cockroaches
  5 goblins
  8 hobgoblins
  17 jackals
  50 kobolds
  3 quokkas
  3 ball pythons
  8 bats
  A giant gecko skeleton (D:4)
  5 giant newts
  A jackal skeleton (D:4)
  8 rats
221 creatures vanquished.

Vanquished Creatures (others)
  A fungus (D:9)
  A plant (D:9)
2 creatures vanquished.

Grand Total: 223 creatures vanquished

Notes
Turn   | Place    | Note
-------+----------+-------------------------------------------
     0 | D:1      | DarthRa the Troll Hunter began the quest for the Orb.
     0 | D:1      | Reached XP level 1. HP: 19/19 MP: 0/0
   102 | D:1      | Reached skill level 1 in Unarmed Combat
   145 | D:1      | Reached XP level 2. HP: 27/27 MP: 1/1
   324 | D:1      | Reached skill level 2 in Unarmed Combat
   623 | D:1      | Reached XP level 3. HP: 33/33 MP: 2/2
   650 | D:2      | Found a deep blue altar of Sif Muna.
   803 | D:2      | Reached skill level 3 in Unarmed Combat
  1111 | D:2      | Found a runed door.
  1204 | D:2      | Reached XP level 4. HP: 41/41 MP: 3/3
  1269 | D:2      | Noticed Crazy Yiuf
  1316 | D:2      | Gained mutation: You have large cloven feet. [potion of mutation]
  1316 | D:2      | Gained mutation: Your movements are slightly less encumbered by armour. (ER -2) [potion of mutation]
  1316 | D:2      | Gained mutation: Your flesh is cold resistant. (rC+) [potion of mutation]
  1327 | D:2      | Killed Crazy Yiuf
  1467 | D:3      | Found a glowing golden altar of the Shining One.
  1478 | D:3      | Found a white marble altar of Elyvilon.
  1530 | D:3      | Reached skill level 4 in Unarmed Combat
  1746 | D:3      | Noticed a big kobold
  1756 | D:3      | Killed a big kobold
  1756 | D:3      | Reached XP level 5. HP: 44/48 MP: 2/4
  1890 | D:3      | Reached skill level 5 in Unarmed Combat
  1890 | D:3      | Reached XP level 6. HP: 52/55 MP: 5/5
  2155 | D:3      | Reached skill level 6 in Unarmed Combat
  2155 | D:3      | Reached XP level 7. HP: 61/62 MP: 6/6
  2458 | D:3      | Reached skill level 5 in Throwing
  2934 | D:4      | Found an opulent altar of Gozag.
  3113 | D:4      | Found Aozaer's Alliterative Accessories.
  3129 | D:4      | Noticed Andriotis's ghost (amateur GrEE)
  3273 | D:4      | Killed Andriotis's ghost
  3273 | D:4      | Reached skill level 7 in Unarmed Combat
  3646 | D:5      | Entered Level 5 of the Dungeon
  3668 | D:5      | Reached XP level 8. HP: 67/70 MP: 5/7
  3764 | D:5      | Reached skill level 8 in Unarmed Combat
  3833 | D:5      | Gained mutation: You are weak. (Str -2) [mutagenic meat]
  3836 | D:5      | Gained mutation: You are resistant to hostile enchantments. (MR+) [mutagenic meat]
  3839 | D:5      | Lost mutation: You are weak. (Str -2) [mutagenic meat]
  3854 | D:5      | Gained mutation: You are dopey. (Int -2) [mutagenic meat]
  3857 | D:5      | Gained mutation: Your spells are a little easier to cast, but a little less powerful. [mutagenic meat]
  3898 | D:5      | Found a staircase to the Ecumenical Temple.
  3925 | Temple   | Entered the Ecumenical Temple
  4044 | Temple   | Became a worshipper of Uskayaw the Reveler
  4066 | D:5      | Reached * piety under Uskayaw
  4227 | D:5      | Reached ** piety under Uskayaw
  4474 | D:5      | Reached *** piety under Uskayaw
  4831 | D:6      | Noticed Pikel
  4837 | D:6      | Killed Pikel
  4837 | D:6      | Reached skill level 9 in Unarmed Combat
  4837 | D:6      | Reached XP level 9. HP: 76/76 MP: 8/8
  4852 | D:6      | You fall through a shaft for 3 floors!
  4852 | D:9      | Found a staircase to the Lair.
  4947 | D:8      | Reached skill level 10 in Unarmed Combat
  5222 | D:8      | Found an iron altar of Okawaru.
  5401 | D:8      | Reached **** piety under Uskayaw
  5458 | D:8      | Reached skill level 5 in Dodging
  6190 | D:7      | Noticed a seven-headed hydra
  6208 | D:7      | HP: 2/76 [eight-headed hydra (9)]
  6208 | D:7      | Mangled by an eight-headed hydra

Vault maps used:
D:1:      elethiomel_arrival_maze
D:2:      overflow_temple_1_default, grunt_decor_clamped,
          uniq_crazy_yiuf_cottage
D:3:      minmay_goblin_kobold_castle, tso_metal_star, old_standard_altar,
          first_bread
D:4:      old_standard_altar, nicolae_alphabet_shops
D:6:      nicolae_ashenzari_panopticon, grunt_decor_fettered, uniq_menkaure,
          uniq_pikel
D:8:      okawaru_humans
D:9:      bloody_trog, due_lair_maze_entry_diamond, serial_shops,
          nicolae_shop_behind_doors, shop_statue
Temple:   eino_temple_lava

Skill      XL: |  1  2  3  4  5  6  7  8  9 |
---------------+----------------------------+-----
Unarmed Combat | 1 2 3 4 5 6 7 9 10 | 10.0
Throwing       | 4 5 6 7 |  7.1
Dodging        | 6 |  6.4
Fighting       | |  1.5
Stealth        | |  0.4

Action                   |  1- 3 |  4- 6 |  7- 9 || total
-------------------------+-------+-------+-------++-------
Melee: Unarmed           |    93 |   130 |   288 ||   511
       Short sword       |     1 |       |       ||     1
       Kick              |       |    20 |    69 ||    89
       Punch             |       |     1 |    12 ||    13
Throw: Stone             |    45 |    95 |   139 ||   279
       Tomahawk          |       |       |    40 ||    40
       Large rock        |       |       |    19 ||    19
       Javelin           |       |       |    21 ||    21
       Throwing net      |       |       |     2 ||     2
  Use: Scroll            |       |     7 |     5 ||    12
       Potion            |       |     5 |     3 ||     8
 Stab: Invisible         |       |       |     4 ||     4
       Paralysed         |       |       |     5 ||     5
  Eat: Chunk             |    16 |     9 |    42 ||    67
Armor: Robe              |    30 |    44 |    86 ||   160
       Skin              |       |     2 |    21 ||    23
Dodge: Dodged            |    33 |    62 |   106 ||   201
